[Event "Ramat Gan Masters-A Winter 2023"]
[Site "Ramat Gan/ISR"]
[Date "2023.02.27"]
[Round "6.10"]
[White "Shapira, Avner"]
[Black "Medovoy, Yaniv"]
[Result "1-0"]
[Annotator "NA RC COMBH"]
[ECO "C11"]
[WhiteElo "1814"]
[BlackElo "1842"]
[PlyCount "65"]
[EventDate "2023.01.17"]
[EventType "swiss"]
[SourceTitle "playchess.com"]
[Source "ChessBase"]
[SourceQuality "1"]
[TimeControl "5400+30"]

1. e4 c5 2. Nf3 Nf6 3. Nc3 d5 4. e5 Nfd7 5. d4 e6 6. Be3 (6. Ne2 $11 {is more appropriate.}) 6... Nc6 7. Qd2 Qc7 8. O-O-O cxd4 9. Bxd4 a6 10. Re1 b5 ({Black should try} 10... Be7 $17) 11. Kb1 (11. Nxd5 $1 $15 exd5 12. e6) 11... Bb7 (11... Be7 $17) 12. Qf4 Be7 13. Bd3 Rc8 14. h4 (14. Qg3 $11 {feels stronger.}) 14... Nxd4 15. Nxd4 b4 16. Nd1 Nc5 17. Rh3 Nxd3 ({Better is} 17... O-O $17 18. b3 Kh8) 18. Rxd3 a5 (18... O-O $15) 19. Rg3 g6 20. Ne3 Ba6 21. h5 g5 22. Rxg5 $1 Bxg5 23. Qxg5 Qe7 {[%emt 0:00:22] [#]} 24. Qg3 $2 ({Only move:} 24. Qh6 $1 $18) 24... Qc5 $2 (24... Kd7 $11 {and Black stays safe.}) 25. Rd1 a4 (25... Kd7 {might work better.}) 26. Ng4 (26. f4 $18) 26... Ke7 $2 (26... Kd7 $16) 27. Nf6 a3 $2 (27... b3 28. axb3 (28. cxb3 Be2 $11 {[%mdl 64] Back Rank}) 28... axb3 29. Qxb3 Rb8) 28. Qg5 Kd8 29. Nxd5+ (29. Qg7 $142 Ke7 30. Nf5+ {[%mdl 64] Deflection} (30. Nxh7 Rxh7 31. Qxh7 axb2 $11) 30... exf5 31. Nxd5+ (31. Rxd5 $2 {gets mated.} Qxc2+ 32. Ka1 axb2#) 31... Kd7 32. Nxb4+ Ke7 33. Qf6+ (33. Nxa6 $2 {leads to mate.} Qxc2+ 34. Ka1 Qxd1#) (33. bxa3 Rhd8 $11) 33... Ke8 34. Qxh8+ Qf8 35. Qxf8+ (35. Qxh7 Qxb4 36. Qh8+ Ke7 $14) 35... Kxf8 36. Nxa6) 29... Kd7 {[%emt 0:00:00] [#]} 30. Nxb4 $4 Qxb4 $19 31. Nxe6+ Kc6 32. Rd6+ Kb7 33. Qe7+ 1-0

[Event "Ramat Gan Masters-A Winter 2023"]
[Site "Ramat Gan/ISR"]
[Date "2023.03.20"]
[Round "7.1"]
[White "Uritsky, Yonathan"]
[Black "Gavriely, Or"]
[Result "1-0"]
[Annotator "TA"]
[ECO "B12"]
[WhiteElo "2047"]
[BlackElo "1991"]
[PlyCount "49"]
[EventDate "2023.01.17"]
[EventType "swiss"]
[SourceTitle "playchess.com"]
[Source "ChessBase"]
[SourceQuality "1"]
[TimeControl "5400+30"]

1. e4 c6 2. d4 d5 3. e5 Bf5 4. Nf3 e6 5. Be2 Nd7 6. O-O a5 {[%emt 0:00:03] B12: Caro-Kann: Advance Variation.} 7. Nbd2 a4 8. c3 f6 {[%emt 0:02:28] [#] White is slightly better.} 9. Nh4 $146 (9. b3 $14) ({Predecessor:} 9. exf6 Qxf6 10. Re1 Bd6 11. Nf1 Ne7 12. Bg5 Qf7 13. Bh4 Ng6 14. Ng5 Qf6 15. Ne4 {½-½ Vachier Lagrave,M (2736)-Mitrabha,G (2510) Chessable Masters Play In rapid 2023 (1)}) 9... fxe5 $11 10. Nxf5 exf5 11. dxe5 Nxe5 12. Re1 Be7 13. Bh5+ {[%emt 0:04:49][%mdl 64] Discovered Attack} Nf7 14. Bxf7+ Kxf7 15. Nf3 {[%emt 0:01:33] And now Ne5+ would win.} Bf6 (15... Nf6 $1 $11) 16. Qd3 {[%emt 0:03:27][%mdl 1024] White has compensation.} g6 (16... Ne7 $11 {keeps the balance.}) 17. Bf4 $16 {[%emt 0:00:47][%cal Bc1f4,Bf4d6,Bd6e5][%mdl 32] White is much more active. The black rooks are badly placed.} Kg7 $2 {[%emt 0:22:25][%mdl 8192] A mistake that costs the game.} (17... Ne7 $16 {keeps fighting.}) 18. Re6 $18 Qd7 19. Rae1 Rf8 20. Nd4 {[%emt 0:02:58] Rd6 would be deadly.} Qc8 (20... Kf7 $142 21. Bd6 Ra8) 21. Bd6 {[%emt 0:02:22] Intending Nxf5+ and mate.} Rd8 {[%emt 0:02:28] [#]} 22. Nxf5+ $1 {[%emt 0:01:13][%mdl 512] White mates.} gxf5 23. Qg3+ Kf7 {[%emt 0:02:11] [#]} 24. Rxf6+ $1 {[%emt 0:00:01][%mdl 576] Remove Defender. Black is weak on the dark squares} Kxf6 25. Be5+ {[%emt 0:00:03][%mdl 64] Skewer.   Weighted Error Value: White=0.18 (very precise) /Black=1.03} 1-0

[Event "Ramat Gan Masters-A Winter 2023"]
[Site "Ramat Gan/ISR"]
[Date "2023.03.20"]
[Round "7.2"]
[White "Gershkowich, David"]
[Black "Noy, Eyal"]
[Result "1-0"]
[Annotator "TA"]
[ECO "B33"]
[WhiteElo "2188"]
[BlackElo "2117"]
[PlyCount "93"]
[EventDate "2023.01.17"]
[EventType "swiss"]
[SourceTitle "playchess.com"]
[Source "ChessBase"]
[SourceQuality "1"]
[TimeControl "5400+30"]

1. e4 c5 2. Nc3 Nc6 3. Nge2 Nf6 4. d4 cxd4 5. Nxd4 e5 6. Ndb5 d6 7. a4 a6 8. Na3 h6 9. Be2 Be7 10. O-O O-O 11. Be3 Be6 {[%emt 0:11:29] B33: Sicilian: Pelikan and Sveshnikov Variations.} 12. Nc4 Nb4 13. Nb6 Rb8 {[%emt 0:00:31] White is slightly better.} 14. Bf3 Nd7 15. Ncd5 Nxd5 16. Nxd5 {[%emt 0:00:34] [#]} Bg5 $146 ({Predecessor:} 16... Nf6 17. Nb6 Nd7 18. a5 Nxb6 19. Bxb6 Qd7 20. b3 Kh8 21. c4 Rbc8 22. Qe2 Rc6 {1-0 Markoja,S (2095)-Bratkovic,J (1990) EU-chT U18 Maribor 2013 (1)}) 17. Bxg5 Qxg5 18. Ra3 Rfd8 19. Nc7 Qe7 20. Nxe6 fxe6 {[%emt 0:03:44] Black is weak on the light squares} 21. Re1 Nf6 22. Rd3 Rbc8 23. c3 Rc5 24. Qe2 Re8 25. Qd2 Rd8 26. g3 d5 $2 {[%emt 0:01:22] [#] This move loses the game for Black.} ({Black should try} 26... Rc6 $14) 27. exd5 $1 $18 ({Weaker is} 27. b4 Rc4 $15) 27... Qd6 28. Qe2 e4 29. Bxe4 exd5 30. Bf5 Re8 31. Re3 Rxe3 32. Qxe3 Kf8 33. Qf3 Rc7 34. Re6 {[%emt 0:01:02] Dodges Re7} Qd8 (34... Qc5 $142 35. Qf4 Kf7) 35. Bg6 Rc8 36. Qf5 Kg8 {[%emt 0:00:30] [#]} 37. Re8+ $3 {[%emt 0:03:53][%mdl 576] Discovered Attack} Qxe8 38. Bxe8 Rxe8 {[%emt 0:00:08][%mdl 4096] Endgame KQ-KRN} 39. Kf1 Kf7 40. h3 Re7 41. Qf4 Ke6 42. Qb8 Ne4 43. Qc8+ Kd6 44. Kg2 Nf6 45. g4 Nd7 (45... Rd7 $142 46. Qb8+ Rc7) 46. Qxb7 Re4 47. Qxa6+ {[%emt 0:00:32] Weighted Error Value: White=0.06 (flawless) /Black=0.25 (precise)} 1-0

[Event "Ramat Gan Masters-A Winter 2023"]
[Site "Ramat Gan/ISR"]
[Date "2023.03.20"]
[Round "7.3"]
[White "Chernomordik, Pavel"]
[Black "Sherman, Reem"]
[Result "0-1"]
[Annotator "TA"]
[ECO "C15"]
[WhiteElo "2198"]
[BlackElo "2249"]
[PlyCount "82"]
[EventDate "2023.01.17"]
[EventType "swiss"]
[SourceTitle "playchess.com"]
[Source "ChessBase"]
[SourceQuality "1"]
[TimeControl "5400+30"]

1. e4 e6 2. Nc3 d5 3. d4 Bb4 4. a3 Bxc3+ 5. bxc3 dxe4 6. Qg4 Nf6 7. Qxg7 Rg8 8. Qh6 {[%emt 0:00:09] [#]} c5 $1 9. Qd2 {[%emt 0:04:22] [#] C15: French: 3 Nc3 Bb4: Unusual White 4th moves.} (9. Ne2 cxd4) 9... Qb6 $146 ({Predecessor:} 9... Nc6 10. Ne2 cxd4 11. Nxd4 Nxd4 12. cxd4 Qb6 13. Qb4 Nd5 14. Qxb6 Nxb6 15. Bb5+ Bd7 16. Bxd7+ Kxd7 {½-½ Pava Carvajal,H-Rosales Espinel,J (1289) Bucaramanga Santander Cup 2022 (7)}) 10. a4 Nc6 11. Ne2 {[%emt 0:05:29][%cal Oa4a5] The position is equal.} (11. a5 {seems wilder.} Nxa5 12. Qf4 Nd5 13. Qxe4 Bd7 14. Nf3) 11... Bd7 12. Ba3 cxd4 $1 13. cxd4 Qc7 14. Nc3 {[%emt 0:12:43] Threatens to win with Nb5.} a6 {[%emt 0:03:01] Repels Nb5} 15. Rb1 Ne7 16. Bc5 Bc6 17. a5 Nf5 18. Bb6 $1 Qe7 19. Rb3 (19. Nd1 $11 {keeps the balance.}) 19... Rc8 $17 20. Nd1 Ba4 21. Rc3 Rxc3 22. Qxc3 {[%emt 0:00:06] Qc8+ would kill now.} Qd7 {[%emt 0:00:19] Dodges Qc8+} (22... Bc6 $17 {[%cal Oe4e3] And now ...e3! would win.} 23. Bc5 Qd8) 23. Bc5 (23. Qd2 $15) 23... Qc6 $36 {[%emt 0:06:28][%mdl 2048] Black is really pushing. Black continues to play with concentration.} 24. Nb2 (24. Ne3 $17 {might work better.}) 24... Nd5 {[%emt 0:03:08][%mdl 64] [#] Deflection} 25. Qa3 Bxc2 {[%emt 0:01:11] Black has more active pieces.} 26. Kd2 Bd3 {[%emt 0:02:52][%mdl 64] Deflection} (26... Bb1 27. Nc4 f6 28. g3 $11) 27. Nxd3 (27. Bxd3 $142 exd3 28. g3) 27... exd3 $19 28. Qxd3 Qa4 29. Qa3 Qxa3 30. Bxa3 Nxd4 31. g3 Nb3+ {[%emt 0:01:18] Excellent horsemanship.} 32. Kc2 Nxa5 33. Bd3 f5 34. Re1 Kd7 35. Kb2 Rc8 {[%emt 0:00:16] aiming for ...Rc3.} 36. g4 $2 (36. Rc1) 36... fxg4 {[%emt 0:02:42] Hoping for ...Rc3. Black is clearly winning.} 37. Re4 h5 38. h3 gxh3 {[%emt 0:00:45] Strongly threatening ...Rc3.} 39. Rh4 Rc3 40. Bf1 Rb3+ 41. Kc2 Rxa3 {[%emt 0:00:15] Weighted Error Value: White=0.77/Black=0.27 (precise)} 0-1

[Event "Ramat Gan Masters-A Winter 2023"]
[Site "Ramat Gan/ISR"]
[Date "2023.03.20"]
[Round "7.4"]
[White "Tashkinova, Sofiia"]
[Black "Hasson Shreger, Shalev"]
[Result "0-1"]
[Annotator "TA"]
[ECO "B22"]
[WhiteElo "1928"]
[BlackElo "1823"]
[PlyCount "110"]
[EventDate "2023.01.17"]
[EventType "swiss"]
[SourceTitle "playchess.com"]
[Source "ChessBase"]
[SourceQuality "1"]
[TimeControl "5400+30"]

1. e4 c5 2. c3 Nf6 3. e5 Nd5 4. Bc4 Nb6 5. Bb3 Nc6 6. d4 {[%emt 0:02:44] B22: Sicilian: 2 c3.} (6. Qh5 c4 7. Bc2 d6 8. exd6 e5 $15) 6... cxd4 7. cxd4 d6 8. e6 {[%emt 0:04:38] The position is equal. Nowadays more popular than 8.exd6.} fxe6 (8... Bxe6 9. d5 Nxd5 10. Bxd5 $16) 9. Be3 g6 10. Nc3 {[%emt 0:00:59] Prevents Nd5.} Bg7 11. Nf3 {[%emt 0:01:40] [#]} Na5 $146 ({Predecessor:} 11... O-O 12. a4 a5 13. Qd2 Nb4 14. Bh6 N4d5 15. Nb5 Bd7 16. Bxg7 Kxg7 17. Nc3 Qe8 {0-1 Koennen,T-Van Kerkhof,D Soest op 2000 (6)}) 12. h4 Nxb3 13. Qxb3 {[%emt 0:00:23] [#]} Nd5 $1 14. Nxd5 exd5 15. Qxd5 e6 {[%emt 0:02:19] Black is weak on the dark squares} (15... Qd7 $11) 16. Qb5+ $1 $14 Bd7 17. Qxb7 Qb8 18. Qe4 d5 19. Qc2 Qb4+ 20. Bd2 Qb6 21. Bc3 O-O 22. h5 Be8 23. h6 Bh8 24. O-O-O Qa6 25. Kb1 Rb8 26. Rde1 Bb5 27. Re3 {[%emt 0:05:03] Repels Bd3} Rfc8 28. Kc1 $2 ({Better is} 28. Qd2 $16) 28... Qxa2 $15 29. Rxe6 ({White should try} 29. Kd2 $15) 29... Rb6 {[%emt 0:02:18] The board is on fire.} (29... Bd7 $1 $17 30. Rhe1 Bxe6 31. Rxe6 Rb6 32. Rxb6 axb6) 30. Rxb6 $11 axb6 31. Re1 Qa6 (31... Bd7 $11) 32. Kd2 {[%emt 0:02:09] Black must now prevent Re6.} Bf6 33. g3 ({White should play} 33. Qb3 $16 Bc6 34. Qb4) 33... Rf8 $1 34. Qb3 Bc4 {[%emt 0:01:20] This pair of bishops is nice.} 35. Qa3 Qb5 $2 (35... Qxa3 $11 {and Black has nothing to worry.} 36. bxa3 Bg7 37. hxg7 Rxf3) 36. Qb4 $2 ({White has to play} 36. Qd6 $1 $18 Rf7 37. Re6) 36... Qc6 (36... Bg7 $1 $11 {keeps the balance.} 37. hxg7 Qxb4 38. Bxb4 Rxf3) 37. Re3 $1 $16 Bf1 38. Ke1 Bg2 (38... Ba6 $142) 39. Ne5 Bxe5 40. dxe5 {[%emt 0:00:56] e6 is the strong threat.} Qa8 {[%emt 0:00:00] And now ...Qa1+ would win.} 41. Qa3 {[%emt 0:00:37] Repels Qa1+} (41. f4 $18 {aiming for Qd4.} Qc6 42. Kd2) 41... Qc6 (41... Qxa3 $16 42. bxa3 Rf3) 42. Qe7 $18 Rf7 {[%emt 0:00:00] [#] Repels Qg7+} 43. Qb4 {[%emt 0:00:14] Threatening mate with e6.} Qe6 44. Qh4 (44. Qd6 $18 Qxd6 45. exd6) 44... Qf5 45. f4 {[%emt 0:00:56] Hoping for e6.} Be4 $2 (45... Qc2 $16) 46. Bb4 Qc8 (46... g5 $142 47. Qh5 (47. Qxg5+ Qxg5 48. fxg5 Rf5 $16) 47... Qg6 48. Qxg6+ (48. Qxg5 Qxg5 49. fxg5 Rf5 $16) 48... Bxg6) 47. Rc3 Qa8 48. Kd2 $2 (48. Kf2 $18 {White wants to mate with e6.} Bf5 49. Rc6) 48... d4 $16 49. Rc1 {[%emt 0:00:13] e6 would kill now.} (49. Rc4 Bf5 $11) 49... Bf5 {[%emt 0:00:11] Strongly threatening ...Qg2+.} 50. Qh2 {[%emt 0:03:46] [#] Prevents Qg2+} ({Much weaker is} 50. Rc6 Rc7 51. Qf6 (51. Rxc7 Qg2+ 52. Ke1 Qg1+ 53. Ke2 Qg2+ 54. Kd1 Qf1+ 55. Be1 Qd3+ 56. Bd2 Qf1+ 57. Be1 Qd3+ 58. Bd2 Qf1+ 59. Be1 $11) 51... Rf7 $11) (50. Qh1 $1 $14 {stays ahead.} Qxh1 51. Rxh1) 50... Qf3 $1 $36 {[%emt 0:00:17][%mdl 3072] Black has strong compensation. Black is in control.} 51. e6 $2 (51. Qe2 $19 Qxg3 52. e6 Qxf4+ 53. Kd1) 51... Qe3+ {[%emt 0:00:34] Black mates.} ({Not} 51... Bxe6 52. Qe2 Qxe2+ 53. Kxe2 $16) 52. Kd1 Bg4+ 53. Kc2 Rc7+ {[%emt 0:00:23][%mdl 64] Skewer} 54. Bc3 dxc3 55. Qh1 Qd2+ {[%emt 0:00:19] Beautiful play by Hasson Shreger!   Weighted Error Value: White=0.64/Black=0.36} 0-1

[Event "Ramat Gan Masters-A Winter 2023"]
[Site "Ramat Gan/ISR"]
[Date "2023.03.20"]
[Round "7.5"]
[White "Malachi, Avraham"]
[Black "Duchan, Yoav"]
[Result "1/2-1/2"]
[Annotator "TA"]
[ECO "B77"]
[WhiteElo "1975"]
[BlackElo "1945"]
[PlyCount "108"]
[EventDate "2023.01.17"]
[EventType "swiss"]
[SourceTitle "playchess.com"]
[Source "ChessBase"]
[SourceQuality "1"]
[TimeControl "5400+30"]

1. e4 c5 2. Nf3 Nc6 3. d4 cxd4 4. Nxd4 Nf6 5. Nc3 g6 6. Be3 Bg7 7. Bc4 O-O 8. Bb3 d6 9. f3 Bd7 10. Qd2 Nxd4 11. Bxd4 b5 $1 12. h4 {[%emt 0:03:10][%cal Oh4h5] B77: Sicilian Dragon: Yugoslav Attack, 9 Bc4 sidelines.} h5 {[%emt 0:10:23] [#]} 13. g4 $1 e5 (13... a5 $142) (13... e6 14. g5) 14. Be3 $16 {[%emt 0:00:17] White is better.} hxg4 15. h5 ({White should play} 15. O-O-O $1) 15... Nxh5 {[%emt 0:08:19] [#]} (15... gxh5 $2 16. Bh6 Nh7 17. Rxh5 $18 (17. Bxg7 Kxg7 18. Rxh5 Qf6 $16)) (15... gxf3 $2 16. h6 f2+ 17. Bxf2 $18 (17. Kxf2 Ng4+ 18. Kf3 Bf6 $17)) 16. Nd5 $146 {[%emt 0:00:00] White has more active pieces. The black rooks are badly placed.} (16. Qxd6 $6 Be6 17. Qxd8 Raxd8 $11) (16. O-O-O $1 $16) ({Predecessor:} 16. O-O-O Kh7 17. Qxd6 gxf3 18. Qxd7 Qxd7 19. Rxd7 f5 20. Bd5 f4 21. Bf2 Rad8 22. Rxa7 Kh6 23. Be6 Bf6 24. Nd5 Rd6 25. Bc5 {1-0 Anton Veiga,J (2096)-Quispe Arteaga,G (2294) Madrid-ch 2017 (5)}) 16... Nf4 (16... gxf3 $2 17. Bg5 f2+ 18. Kf1 $18) (16... Bf6 $1 $11 {and Black is okay.}) 17. Nxf4 $18 exf4 {[%emt 0:03:09] [#]} 18. Qh2 $1 Re8 {[%emt 0:00:52] [#]} 19. Bd4 Re5 $14 20. Bxe5 dxe5 21. O-O-O $1 (21. Bd5 Rc8 $15) 21... Qe7 {[%emt 0:00:42] Repels Rd6} (21... g3 $2 22. Qd2 $18) 22. Qd2 (22. Qh4 $1 $14 Re8 23. fxg4) 22... Be6 23. fxg4 Bxg4 24. Qd5 Rb8 25. Qd6 (25. Rdg1 $11 Bh5 26. Qc6) 25... Qxd6 $17 26. Rxd6 Bf3 27. Re1 g5 28. c3 Rb7 (28... b4 $17 29. Rd7 bxc3 30. Bxf7+ Kh7 31. bxc3 g4) 29. Bd1 Bxd1 30. Kxd1 $15 {[%emt 0:00:00][%mdl 4096] Endgame KRR-KRB} f6 (30... g4 $15) 31. Ke2 $11 Kf7 32. Kf3 Kg6 33. Red1 (33. a3 $11 {keeps the balance.}) 33... Kh5 34. Rh1+ Kg6 35. Rhd1 {[%emt 0:00:09] [#]} Rb8 $1 36. Rh1 {[%emt 0:00:42] [#]} Bf8 (36... b4 $1 $17 {[%cal Rb4c3] Hoping for ...bxc3.} 37. cxb4 Rxb4) 37. Rd7 f5 38. exf5+ (38. Rxa7 $2 g4+ 39. Ke2 fxe4 $19) 38... Kxf5 {[%emt 0:00:17] White must now prevent ...g4+.} 39. Rf7+ (39. Rxa7 e4+ 40. Ke2 f3+ 41. Kd1 Rd8+ 42. Kc2 e3 $19) 39... Kg6 40. Rxa7 {[%emt 0:00:00] Strongly threatening Kg4.} Rd8 41. Ke4 {[%emt 0:00:00] Against Rd3. aiming for Ra6+.} Bg7 $1 42. Rg1 {[%emt 0:00:00][%cal Oa7g7] Rxg7+! is the strong threat.} Rd2 {[%emt 0:01:37] The position is equal.} 43. Rxg7+ $1 {[%emt 0:00:00][%mdl 64] Deflection} Kxg7 44. Rxg5+ {[%emt 0:00:00] KR-KR} (44. Kxe5 $2 {is the wrong capture.} Kg6 45. b4 Rxa2 $19) 44... Kf6 45. Rf5+ {[%emt 0:00:00][%mdl 64] Deflection} (45. Rxe5 $2 Re2+ 46. Kxf4 Rxe5 $19) 45... Kg6 {[%emt 0:00:18] And now ...Re2+ would win.} 46. Rxe5 {[%emt 0:00:00] Threatens to win with b4.} (46. Kxe5 $2 {perishes.} Rd5+ 47. Kxf4 (47. Kxd5 $2 {too greedy.} Kxf5 48. Kd4 Kg4 $19) 47... Rxf5+ $19) 46... Rxb2 47. Kxf4 b4 48. cxb4 Rxb4+ 49. Re4 Rb2 50. a4 Kf6 51. Rd4 Ke6 52. Ke4 Rb3 53. Rc4 Kd6 54. Kd4 Rh3 {[%emt 0:00:16] Weighted Error Value: White=0.19 (very precise) /Black=0.20 (precise)} 1/2-1/2

[Event "Ramat Gan Masters-A Winter 2023"]
[Site "Ramat Gan/ISR"]
[Date "2023.03.20"]
[Round "7.6"]
[White "Gurevich, Neria"]
[Black "Lapushnian, Maya"]
[Result "1-0"]
[Annotator "NA RC COMBH"]
[ECO "D35"]
[WhiteElo "1543"]
[BlackElo "1707"]
[PlyCount "73"]
[EventDate "2023.01.17"]
[EventType "swiss"]
[SourceTitle "playchess.com"]
[Source "ChessBase"]
[SourceQuality "1"]
[TimeControl "5400+30"]

1. d4 d5 2. c4 e6 3. Nf3 Nf6 4. Nc3 h6 5. cxd5 exd5 6. Bf4 Bd6 7. Bxd6 Qxd6 8. e3 O-O 9. Bd3 Nc6 10. O-O a6 11. a3 Bg4 12. h3 Bxf3 13. Qxf3 Rfe8 14. Rfe1 Rab8 15. Rad1 Nd8 16. e4 dxe4 17. Nxe4 Nxe4 18. Bxe4 Ne6 19. Qd3 Nf4 20. Qc4 c6 21. Qc3 Rbd8 22. Qf3 g6 23. Re3 c5 24. Bxb7 cxd4 25. Rxe8+ Rxe8 26. Bxa6 d3 27. Bb5 Re7 28. Qc6 Ne2+ 29. Kh1 Qf4 30. Qf3 Qc7 31. Bxd3 Nd4 32. Qg3 Qb6 33. b4 Kf8 34. Bf1 Nf5 35. Qc3 f6 36. Qc8+ Kf7 37. Bc4+ 1-0

[Event "Ramat Gan Masters-A Winter 2023"]
[Site "Ramat Gan/ISR"]
[Date "2023.03.20"]
[Round "7.7"]
[White "Kochavi, Dana"]
[Black "Meirovich, Ilay"]
[Result "0-1"]
[Annotator "TA"]
[ECO "B40"]
[WhiteElo "1956"]
[BlackElo "1979"]
[PlyCount "86"]
[EventDate "2023.01.17"]
[EventType "swiss"]
[SourceTitle "playchess.com"]
[Source "ChessBase"]
[SourceQuality "1"]
[TimeControl "5400+30"]

1. e4 c5 2. Nf3 e6 3. b3 a6 4. Bb2 Nc6 5. c4 Qc7 6. Be2 {[%emt 0:04:01] B40: Sicilian: 2...e6, Unusual lines.} Nf6 7. d3 {[%emt 0:00:46] [#]} b5 $146 ({Predecessor:} 7... Bd6 8. O-O b6 9. Re1 Bb7 10. Bf1 Ng4 11. g3 O-O 12. Ng5 Be5 13. d4 Nxd4 14. Qxg4 {1-0 Kalvaitis,S (2258)-Laurusas,T (2360) LTU-ch Vilnius 2012 (9)}) 8. Nbd2 {[%emt 0:01:39] The position is equal.} Bb7 9. O-O Be7 10. cxb5 axb5 11. d4 Nxd4 12. Nxd4 cxd4 13. Bxb5 e5 (13... Bxe4 14. Nxe4 (14. Bxd4 Bc2 $11) 14... Nxe4 15. Qxd4 $16 (15. Bxd4 O-O $14)) 14. Bd3 (14. Rc1 $11 Qb8 15. a4) 14... O-O $15 15. f4 d6 {[%emt 0:12:50] Black is more active.} (15... exf4 $5 16. Rc1 Qb6 $15) 16. h3 Nd7 (16... g6 $5 ) 17. b4 {[%emt 0:08:49] Prevents Nc5.} d5 (17... exf4 $5 18. Rc1 Qb8 $15) 18. a3 h6 19. Qe2 Bf6 20. exd5 exf4 (20... Bxd5 $11 21. Ne4 Be7) 21. Ne4 (21. Qe4 $16 g6 22. Bxd4 (22. Rxf4 Bxd5 23. Qxd5 Qxf4 $17)) 21... Be5 (21... Bxd5 $11 22. Nxf6+ {[%mdl 64] Remove Defender} Nxf6) 22. Rac1 $16 Qb8 23. Nc5 Nxc5 24. Rxc5 Qd6 {[%emt 0:00:22] Black is weak on the light squares} 25. Qe4 $1 f5 26. Qe2 Kh8 (26... Bxd5 $2 27. Rxd5 Qxd5 28. Bc4 $18) (26... Rae8 $14) 27. Rfc1 $2 (27. Bc4 $16) 27... Rae8 $1 $15 (27... Bxd5 $2 28. Rxd5 Qxd5 29. Rc5 $18) 28. Qf2 (28. Bb5 $15 d3 29. Bxe5 (29. Qxd3 $2 {is the wrong capture.} Bxb2 30. Rf1 Re3 $19) (29. Bxd3 f3 $17) 29... Qxc5+ 30. bxc5 dxe2 31. Bxe8 Rxe8 32. Bc3 Bxd5 33. Kf2) 28... Bxd5 (28... f3 $1 $17 {[%cal Rf3g2] ...fxg2 is the strong threat.} 29. Qxf3 (29. Bxd4 $2 fxg2 30. Bxe5 Rxe5 $17) 29... Bh2+ 30. Kh1 Re3) 29. Bxd4 $11 Be4 $36 {[%emt 0:00:21][%mdl 2048] Black has some pressure.} 30. Bxe5 Rxe5 31. Bf1 ({Much worse is} 31. Qxf4 Qd4+ 32. Qf2 Qxf2+ 33. Kxf2 Rxc5 34. Rxc5 Bxd3 $17) 31... Re6 32. Rc8 (32. Ra5 $11) 32... Ree8 ({Black should play} 32... Rxc8 $15 33. Rxc8+ Kh7) 33. Rxe8 Rxe8 34. Qc5 $2 {[%emt 0:00:58] [#] This move loses the game for White.} (34. b5 $11 {and White is okay.}) 34... Qg6 $1 $19 35. Qf2 {[%emt 0:02:00] [#]} f3 36. g3 ({Don't go for} 36. Bb5 $2 Rd8 37. Bf1 Qg5 $19) 36... Qg5 37. Rc5 (37. Rc3 $142) 37... Rd8 {[%emt 0:00:15] Hoping for ...Kh7.} 38. h4 $2 (38. Rc3) 38... Qg4 {[%emt 0:01:47] ( -> ...f4)} 39. Rc4 Rd1 {[%emt 0:01:18] Black mates.} 40. Kh2 {[%emt 0:02:54] [#]} f4 $1 41. gxf4 (41. Rxe4 fxg3+) 41... Qxf4+ 42. Kh1 {[%emt 0:01:13] [#]} Rxf1+ $1 {[%emt 0:00:16][%mdl 576] Deflection, Back Rank} 43. Qxf1 Qxh4+ {[%emt 0:00:04] Excellently played by Meirovich!   Weighted Error Value: White=0.55/Black=0.21 (precise)} 0-1

[Event "Ramat Gan Masters-A Winter 2023"]
[Site "Ramat Gan/ISR"]
[Date "2023.03.20"]
[Round "7.8"]
[White "Neumann, Amit"]
[Black "Weber, Yonatan"]
[Result "1-0"]
[Annotator "NA RC COMBH"]
[ECO "B22"]
[WhiteElo "1615"]
[BlackElo "1527"]
[PlyCount "85"]
[EventDate "2023.01.17"]
[EventType "swiss"]
[SourceTitle "playchess.com"]
[Source "ChessBase"]
[SourceQuality "1"]
[TimeControl "5400+30"]

1. e4 c5 2. Nf3 Nc6 3. c3 Nf6 4. e5 Nd5 5. d4 cxd4 6. Bc4 Nb6 7. Bb3 g6 8. O-O Bg7 9. cxd4 O-O 10. Bf4 d6 11. exd6 Bg4 12. Re1 exd6 13. h3 Bxf3 14. Qxf3 Bxd4 15. Nc3 Bg7 16. Rad1 Re8 17. Bxf7+ Kxf7 18. Bg5+ Bf6 19. Rxe8 Qxe8 20. Qxf6+ Kg8 21. Qxd6 h6 22. Bf6 Qf7 23. Ne4 Re8 24. f3 Re6 25. Qf4 Kh7 26. Qh4 Kg8 27. Bc3 Qf8 28. Nf6+ Kf7 29. Qf4 g5 30. Qf5 Ne7 31. Qg4 Rxf6 32. Bxf6 Kxf6 33. Rd6+ Kg7 34. Qd4+ Kh7 35. Rd8 Qg7 36. Qe4+ Ng6 37. Rb8 Qf6 38. Qxb7+ Ne7 39. Qe4+ Ng6 40. Rb7+ Kg8 41. Rxa7 Qd6 42. Qe8+ Nf8 43. Qe4 1-0

[Event "Ramat Gan Masters-A Winter 2023"]
[Site "Ramat Gan/ISR"]
[Date "2023.03.20"]
[Round "7.9"]
[White "Sobel, Ido"]
[Black "Shapira, Avner"]
[Result "1-0"]
[Annotator "NA COMBH"]
[ECO "B23"]
[WhiteElo "1871"]
[BlackElo "1814"]
[PlyCount "39"]
[EventDate "2023.01.17"]
[EventType "swiss"]
[SourceTitle "playchess.com"]
[Source "ChessBase"]
[SourceQuality "1"]
[TimeControl "5400+30"]

1. e4 c5 2. Nc3 Nc6 3. f4 d6 4. Nf3 e6 5. Bc4 Nf6 6. Bb3 Be7 7. d3 O-O 8. a3 a6 9. O-O b5 10. Qe1 g6 11. f5 exf5 12. Nd5 (12. exf5 $11 Bxf5 13. Nd5) 12... Be6 13. Nxe7+ Qxe7 14. Bg5 Kg7 $2 (14... h6 $14 15. Bxh6 Bxb3 16. Bxf8 Rxf8 17. cxb3 fxe4 18. dxe4 Nxe4) 15. Qh4 h5 16. exf5 gxf5 $18 17. Rae1 Rae8 18. Nd2 Nb8 19. Ne4 Nbd7 20. Bxf6+ 1-0